[Event "*** Titled Tuesday Blitz"]
[Site "Chess.com"]
[Date "2019.05.07"]
[Round "2"]
[White "fm_magua"]
[Black "TastyFrenchFries"]
[Result "0-1"]
[WhiteElo "2468"]
[BlackElo "2438"]
[TimeControl "180+2"]
[EndTime "13:21:04 PDT"]
[Termination "TastyFrenchFries won by resignation"]

1. e4 e6 2. d3 d5 3. Nd2 c5 4. g3 Bd6 5. Bg2 Ne7 6. Ngf3 Nbc6 7. O-O O-O 8. Re1 Bc7 9. Nf1 d4 10. e5 Ng6 11. Bf4 Nxf4 12. gxf4 Ne7 13. Ng3 Nd5 14. Qd2 Ba5 15. Qc1 Bxe1 16. Nxe1 Bd7 17. Be4 f6 18.
Nf3 Bc6 19. Qd2 f5 20. Bxd5 Qxd5 21. Nh4 b5 22. f3 a5 23. Qg2 Ra7 24. Kf2 Qd8 25.
Qh3 a4 26. Rg1 c4 27. Nh5 cxd3 28. cxd3 Qd5 29. Nf6+ Rxf6 30. exf6 Qxa2 31. Rxg7+ Rxg7 32. fxg7 Qxb2+ 33. Kg3 Qe2 34. Ng6 Qxf3+ 0-1

[Event "*** Titled Tuesday Blitz"]
[Site "Chess.com"]
[Date "2019.05.07"]
[Round "2"]
[White "Thjop"]
[Black "jacky72"]
[Result "1-0"]
[WhiteElo "2542"]
[BlackElo "2635"]
[TimeControl "180+2"]
[EndTime "13:21:15 PDT"]
[Termination "Thjop won by resignation"]

1. e4 e5 2. Nf3 Nc6 3. Bb5 a6 4. Ba4 d6 5. O-O Bd7 6. d4 b5 7.
Bb3 Nxd4 8. Nxd4 exd4 9. c3 d3 10. Qxd3 Nf6 11. Bg5 Be7 12. Nd2 O-O 13. Nf3 Bc6 14.
Rfe1 h6 15. Bh4 Nd7 16. Bxe7 Qxe7 17. Nd4 Bb7 18. Bd5 Ne5 19. Qg3 c6 20. Bb3 Rad8 21. f4 Ng6 22. Qxg6 d5 23. Qg3 c5 24. exd5 Qf6 25. Nc6 c4 26. Nxd8 Rxd8 27. Bc2 Bxd5 28. Rad1 b4 29. Rd4 b3 30. axb3 cxb3 31. Be4 Qb6 32.
Qf2 Qxd4 33. Qxd4 1-0

[Event "*** Titled Tuesday Blitz"]
[Site "Chess.com"]
[Date "2019.05.07"]
[Round "2"]
[White "rookoco"]
[Black "r31415"]
[Result "1-0"]
[WhiteElo "2756"]
[BlackElo "2352"]
[TimeControl "180+2"]
[EndTime "13:21:24 PDT"]
[Termination "rookoco won by resignation"]

1. e4 d6 2. Nf3 Nf6 3. Nc3 g6 4.
d4 Bg7 5. h3 O-O 6. Be3 a6 7.
a4 b6 8. Bc4 e6 9. Nd2 Nc6 10.
Be2 Bb7 11. O-O Re8 12. f4 e5 13. dxe5 dxe5 14. f5 Qe7 15. Bc4 Qb4 16. fxg6 hxg6 17. Bg5 Na5 18. Ba2 Qd6 19. Qf3 Rf8 20. Bxf6 Qxd2 21.
Bxg7 Qd4+ 22. Kh1 Kxg7 23. Qf6+ Kh7 24. Bxf7 Bxe4 25. Nxe4 Qxe4 26. Rae1 Qxc2 27. Rxe5 Nc6 28. Rg5 Rad8 29. Bxg6+ 1-0

[Event "*** Titled Tuesday Blitz"]
[Site "Chess.com"]
[Date "2019.05.07"]
[Round "2"]
[White "ruvat"]
[Black "MasterKroket"]
[Result "1-0"]
[WhiteElo "2334"]
[BlackElo "2357"]
[TimeControl "180+2"]
[EndTime "13:21:25 PDT"]
[Termination "ruvat won by resignation"]

1. d4 Nf6 2. c4 e6 3. g3 Bb4+ 4. Bd2 Qe7 5. Nf3 O-O 6. Bg2 Bxd2+ 7. Qxd2 d6 8. Nc3 a5 9. O-O e5 10. dxe5 dxe5 11. Nd5 Nxd5 12. cxd5 Rd8 13. Rfd1 Rd6 14. Qc3 e4 15. Ne5 f6 16. Nc4 Rd8 17. d6 cxd6 18.
Nb6 Ra6 19. Nxc8 Qd7 20. Qb3+ Kh8 21. Nb6 Qc6 22. Nd5 Nd7 23. Ne7 Qc7 24. Nf5 Nc5 25. Qe3 d5 26. Rac1 Rc6 27. Nd4 Ra6 28. Ne6 Rxe6 29.
Rxc5 Qe5 30. Qd4 b6 31. Qxe5 Rxe5 32. Rb5 Rd6 33. e3 f5 34. Bf1 g6 35. a4 Kg7 36.
Bc4 1-0

[Event "*** Titled Tuesday Blitz"]
[Site "Chess.com"]
[Date "2019.05.07"]
[Round "2"]
[White "GremioPrudente"]
[Black "H3nriqueTV"]
[Result "1-0"]
[WhiteElo "2114"]
[BlackElo "2008"]
[TimeControl "180+2"]
[EndTime "13:21:29 PDT"]
[Termination "GremioPrudente won by resignation"]

1. Nf3 d5 2. d4 Nf6 3. c4 c6 4. e3 e6 5. Nbd2 Bd6 6. Bd3 Nbd7 7. e4 dxe4 8. Nxe4 Nxe4 9. Bxe4 Nf6 10. Bc2 O-O 11.
O-O b6 12. Bg5 h6 13. Bh4 Re8 14. Qd3 Bb7 15. Rad1 Qe7 16. Ne5 Rad8 17. Ng4 Bxh2+ 18. Nxh2 c5 19. Ng4 Rxd4 20. Nxf6+ Qxf6 1-0

[Event "*** Titled Tuesday Blitz"]
[Site "Chess.com"]
[Date "2019.05.07"]
[Round "2"]
[White "djano"]
[Black "joppie2"]
[Result "0-1"]
[WhiteElo "2356"]
[BlackElo "2756"]
[TimeControl "180+2"]
[EndTime "13:21:30 PDT"]
[Termination "joppie2 won by resignation"]

1. Nf3 g6 2. c4 Bg7 3. g3 Nf6 4. Bg2 c5 5. O-O O-O 6. Nc3 d5 7. cxd5 Nxd5 8. d4 Nxc3 9. bxc3 Nc6 10. d5 Na5 11. Qd2 Nc4 12. Qd3 Nd6 13. e4 Bd7 14. Rb1 Qa5 15. Bg5 Bb5 16. Rxb5 Qxb5 17. Qxb5 Nxb5 18.
c4 Nc3 19. Bxe7 Rfe8 20. d6 Nxe4 21. Re1 f5 22. Rb1 Bf8 23. Rxb7 Bxe7 24. dxe7 Rab8 25. Rd7 Kf7 26. Rxa7 Rb1+ 27. Bf1 Rxe7 28. Ra8 g5 29. Kg2 Rb2 30. Kg1 g4 0-1

[Event "*** Titled Tuesday Blitz"]
[Site "Chess.com"]
[Date "2019.05.07"]
[Round "2"]
[White "Sutormin_DA"]
[Black "LonesomeGeorge1"]
[Result "1-0"]
[WhiteElo "2521"]
[BlackElo "2381"]
[TimeControl "180+2"]
[EndTime "13:21:31 PDT"]
[Termination "Sutormin_DA won by resignation"]

1. e4 c6 2. d4 d5 3. Nd2 dxe4 4.
Nxe4 Nf6 5. Nxf6+ exf6 6. c3 Bd6 7. Bd3 O-O 8. Qc2 h5 9. Ne2 h4 10. h3 Re8 11. Be3 Be6 12. O-O a5 13. c4 Na6 14.
a3 Nc7 15. Rfe1 Qd7 16. Nf4 Rad8 17. Rad1 Qc8 18. Nxe6 Nxe6 19. Bf5 g6 20. Bxg6 fxg6 21.
Qxg6+ Ng7 22. Bh6 Bf8 23. Qxf6 Rxe1+ 24. Rxe1 Qd7 25. Re4 Qf5 26. Qxh4 Rd6 27. Rf4 Qb1+ 28. Kh2 Rg6 29. Qd8 Rxh6 30. Rxf8+ Kh7 31. Rh8+ Kg6 32. Qd6+ 1-0

[Event "*** Titled Tuesday Blitz"]
[Site "Chess.com"]
[Date "2019.05.07"]
[Round "2"]
[White "Casablanca"]
[Black "ZuchBolt"]
[Result "0-1"]
[WhiteElo "2146"]
[BlackElo "2268"]
[TimeControl "180+2"]
[EndTime "13:21:31 PDT"]
[Termination "ZuchBolt won by resignation"]

1. c4 e5 2. Nc3 Bb4 3. g3 Nf6 4. Bg2 O-O 5. d3 Nc6 6. Bd2 Bxc3 7. Bxc3 d5 8. cxd5 Nxd5 9. Nf3 Nxc3 10. bxc3 Be6 11.
O-O h6 12. Qa4 Qd7 13. Nd2 Bh3 14. Bxh3 Qxh3 15. Qe4 f5 16. Qd5+ Kh8 17. Qg2 Qh5 18. Qf3 Qg6 19. Rab1 b6 20. e3 Rae8 21. d4 f4 22. d5 e4 23. Nxe4 Ne5 24. Qh1 f3 25. Rb4 a5 26. Rd4 Rf5 27. Nd2 Ref8 28. Nc4 Nxc4 29. Rxc4 Rxd5 30. Rxc7 Qd3 31. h4 Qxf1+ 32.
Kh2 Rd1 33. Qxf1 Rxf1 0-1

[Event "*** Titled Tuesday Blitz"]
[Site "Chess.com"]
[Date "2019.05.07"]
[Round "2"]
[White "NemtsevIgor"]
[Black "el-reptiliano"]
[Result "1-0"]
[WhiteElo "2282"]
[BlackElo "2163"]
[TimeControl "180+2"]
[EndTime "13:21:33 PDT"]
[Termination "NemtsevIgor won by resignation"]

1. d4 d5 2. Bf4 Nf6 3. e3 e6 4.
Nf3 Bd6 5. Bg3 c5 6. c3 Qc7 7. Nbd2 Nbd7 8. Bb5 O-O 9. O-O e5 10. Bxd7 Nxd7 11. dxe5 Nxe5 12. Nxe5 Bxe5 13. f4 Bf6 14. e4 c4 15. e5 Be7 16. Nf3 Rd8 17. Nd4 b5 18. f5 Qb6 19. Kh1 b4 20. f6 Bc5 21.
Qh5 Bxd4 22. cxd4 Be6 23. Qg5 g6 24. Qh6 1-0

[Event "*** Titled Tuesday Blitz"]
[Site "Chess.com"]
[Date "2019.05.07"]
[Round "2"]
[White "NM2019"]
[Black "SwamiChaturanga"]
[Result "1-0"]
[WhiteElo "2151"]
[BlackElo "2011"]
[TimeControl "180+2"]
[EndTime "13:21:33 PDT"]
[Termination "NM2019 won by resignation"]

1. c4 g6 2. Nf3 Bg7 3. g3 b6 4. Bg2 Bb7 5. O-O e6 6. Nc3 h5 7. d4 d6 8. e4 Qd7 9. Bg5 a5 10. Rc1 Na6 11. a3 f6 12. Be3 Nh6 13. Bh3 Ng4 14. d5 O-O 15. Nh4 f5 16. Nxg6 Rf6 17. Nf4 e5 18. Nxh5 Rh6 19. Bxg4 fxg4 20. Bxh6 Bh8 21.
Bg5 Rf8 22. f3 Qh7 23. fxg4 Rxf1+ 24. Qxf1 Bc8 25. h3 Nc5 26. Bf6 Nxe4 27. Bxh8 Kxh8 28. Qf8+ 1-0

[Event "*** Titled Tuesday Blitz"]
[Site "Chess.com"]
[Date "2019.05.07"]
[Round "2"]
[White "enriquetejedor"]
[Black "Alexander_Donchenko"]
[Result "1-0"]
[WhiteElo "2589"]
[BlackElo "2791"]
[TimeControl "180+2"]
[EndTime "13:21:37 PDT"]
[Termination "enriquetejedor won by resignation"]

1. e4 c6 2. Nc3 d5 3. Nf3 dxe4 4. Nxe4 Nf6 5. Nxf6+ exf6 6. d4 Bd6 7. Bd3 O-O 8.
O-O Bg4 9. h3 Bh5 10. c3 Re8 11. Be3 Na6 12. Be2 Nc7 13. Re1 Nd5 14. Bd2 b5 15.
Kf1 Bc7 16. Ng1 Bg6 17. Bh5 Rxe1+ 18. Bxe1 Be4 19. Bf3 f5 20. Bxe4 fxe4 21. Qg4 e3 22. Nf3 Qf6 23. Qd7 Rd8 24. Qg4 Re8 25. Kg1 g6 26. a4 a6 27. axb5 axb5 28. Qd7 h5 29. Qxe8+ Kg7 30. Ne5 Nf4 31. Qxf7+ Qxf7 32. Nxf7 exf2+ 33. Bxf2 Kxf7 34. Ra7 Nd5 35. Bg3 1-0

[Event "*** Titled Tuesday Blitz"]
[Site "Chess.com"]
[Date "2019.05.07"]
[Round "2"]
[White "MateusViageiro"]
[Black "GuerrieroFromLevant"]
[Result "1-0"]
[WhiteElo "2165"]
[BlackElo "2259"]
[TimeControl "180+2"]
[EndTime "13:21:41 PDT"]
[Termination "MateusViageiro won by resignation"]

1. e4 e6 2. d4 d5 3. Nc3 Nf6 4. Bg5 Be7 5. e5 Nfd7 6. Bxe7 Qxe7 7. f4 a6 8. Nf3 c5 9. Ne2 b5 10. c3 b4 11. Ng3 a5 12. Be2 Ba6 13. O-O O-O 14.
f5 bxc3 15. bxc3 cxd4 16. cxd4 Nc6 17. Bxa6 Rxa6 18. a3 Rb6 19. Qd3 Rfb8 20. Qd2 Rb2 21. Qf4 R8b3 22. f6 gxf6 23. Nh5 Rxf3 24. Rxf3 fxe5 25. Rg3+ Kh8 26. Qh6 f6 27. Rg7 1-0

[Event "*** Titled Tuesday Blitz"]
[Site "Chess.com"]
[Date "2019.05.07"]
[Round "2"]
[White "plouarzel"]
[Black "jncool68"]
[Result "1-0"]
[WhiteElo "2589"]
[BlackElo "2599"]
[TimeControl "180+2"]
[EndTime "13:21:45 PDT"]
[Termination "plouarzel won by resignation"]

1. e4 e5 2. Nf3 Nc6 3. d4 exd4 4. Nxd4 Bb4+ 5. c3 Bc5 6. Be3 Bb6 7. Nf5 g6 8. Bxb6 axb6 9. Ne3 Nf6 10. f3 O-O 11. c4 Nh5 12. Qd2 Qh4+ 13. Qf2 Qxf2+ 14. Kxf2 d6 15. Nc3 Be6 16. Ncd5 Rfc8 17. g4 Ng7 18. h4 Bxd5 19. Nxd5 Ne6 20. h5 g5 21. h6 Ne5 22. Ne7+ Kf8 23. Nxc8 Rxc8 24. Be2 Nf4 25.
b3 f6 26. a4 Nc6 27. Rhb1 Ra8 28. b4 Nd4 29. Bd1 c6 30. Ke3 Nfe6 31. a5 b5 32. cxb5 Nxb5 33. Bb3 Ned4 34. Ba4 Ke7 35. Rd1 Ne6 36.
Bxb5 cxb5 37. Rac1 Kd7 38. Rd5 Nc7 39. Rd3 Ra6 40.
Rdc3 Ne6 41. Rc8 b6 42. Rh8 bxa5 43. Rxh7+ Kd8 44. Rb7 1-0

[Event "*** Titled Tuesday Blitz"]
[Site "Chess.com"]
[Date "2019.05.07"]
[Round "2"]
[White "fidezivkovic"]
[Black "RATNAKARAN"]
[Result "1-0"]
[WhiteElo "2294"]
[BlackElo "2403"]
[TimeControl "180+2"]
[EndTime "13:21:46 PDT"]
[Termination "fidezivkovic won by resignation"]

1. f4 Nf6 2. b3 d5 3. Bb2 c6 4. Nf3 Bf5 5. e3 e6 6. h3 Nbd7 7. g4 Bg6 8. d3 Qb6 9. Qe2 O-O-O 10. Nbd2 h5 11. g5 Ne8 12. Nh4 Bc5 13. d4 Be7 14. Nxg6 fxg6 15. Qd3 Nf8 16. Nf3 Nd6 17. Ne5 Ne4 18.
Bg2 Ng3 19. Rg1 Nf5 20. O-O-O Rg8 21. Kb1 c5 22. c4 Kb8 23. cxd5 exd5 24. dxc5 Bxc5 25.
Bxd5 Nxe3 26. Nc4 Rxd5 27. Nxb6 Rxd3 28. Rxd3 Bd6 29. Rxd6 axb6 30. Re1 Nf5 31. Rd8+ 1-0

[Event "*** Titled Tuesday Blitz"]
[Site "Chess.com"]
[Date "2019.05.07"]
[Round "2"]
[White "MaxLeto"]
[Black "Szparu"]
[Result "0-1"]
[WhiteElo "2307"]
[BlackElo "2513"]
[TimeControl "180+2"]
[EndTime "13:21:55 PDT"]
[Termination "Szparu won on time"]

1. d4 Nf6 2. Bf4 b6 3. e3 Bb7 4. Nf3 c5 5. Be2 d6 6. O-O Nbd7 7. h3 g6 8. c3 Bg7 9. Nbd2 O-O 10. Bh2 Re8 11.
b4 Rc8 12. Qb3 h6 13. Bc4 d5 14. Be2 Ba8 15. Ba6 Rc6 16. c4 cxb4 17. Qxb4 dxc4 18. Nxc4 Nd5 19. Qb3 Rf8 20. e4 N5f6 21.
Rfe1 Nxe4 22. Rxe4 Rxc4 23. Qxc4 Bxe4 24. Nd2 Ba8 25.
Rc1 Nf6 26. Nb3 Ne4 27. Qc7 Qd5 28. Bc4 Qg5 29. Bf4 Qh4 0-1

[Event "*** Titled Tuesday Blitz"]
[Site "Chess.com"]
[Date "2019.05.07"]
[Round "2"]
[White "Marcus_Harvey"]
[Black "IIIlllII1llIl"]
[Result "1-0"]
[WhiteElo "2655"]
[BlackElo "2726"]
[TimeControl "180+2"]
[EndTime "13:21:58 PDT"]
[Termination "Marcus_Harvey won by resignation"]

1. Nf3 g6 2. d4 Bg7 3. e4 d6 4. Be3 Nf6 5. Nc3 O-O 6. h3 c5 7.
e5 Nfd7 8. exd6 exd6 9. Be2 Nc6 10.
O-O a6 11. dxc5 dxc5 12. Nd5 Bxb2 13. Rb1 Bg7 14. Bg5 f6 15. Be3 b5 16. a3 Bb7 17.
c4 Na7 18. Qd2 Re8 19. Rfd1 Ne5 20. Nxe5 Rxe5 21. Bf3 Kh8 22. Bxc5 g5 23. Bd4 Re6 24. h4 h6 25. hxg5 hxg5 26. Bg4 Rd6 27. Qe3 Bxd5 28. cxd5 Rxd5 29. Bxa7 1-0

[Event "*** Titled Tuesday Blitz"]
[Site "Chess.com"]
[Date "2019.05.07"]
[Round "2"]
[White "PotapovaM"]
[Black "FedaMaster"]
[Result "0-1"]
[WhiteElo "2451"]
[BlackElo "2307"]
[TimeControl "180+2"]
[EndTime "13:22:02 PDT"]
[Termination "FedaMaster won by resignation"]

1. d4 Nf6 2. c4 g6 3. Nc3 d5 4.
cxd5 Nxd5 5. e4 Nxc3 6. bxc3 Bg7 7. Nf3 c5 8. Be3 O-O 9. Be2 b6 10. Qd2 Bb7 11. e5 cxd4 12. cxd4 Nc6 13. h4 Qd5 14.
Kf1 Qa5 15. Qd1 Rfd8 16. e6 f5 17. g3 Nxd4 18. Nxd4 Bxh1 19. Kg1 Qd5 20. Bf1 Bxd4 21. Bxd4 Qxd4 22. Qxd4 Rxd4 23. Kxh1 Rc8 24. h5 Kg7 25. Kg2 Rc2 26. Bb5 Rdd2 27. Rf1 Rxa2 28. Bd7 gxh5 29. Kf3 a5 30. Be8 Ra3+ 31. Kf4 Kf6 32. Bf7 0-1

[Event "*** Titled Tuesday Blitz"]
[Site "Chess.com"]
[Date "2019.05.07"]
[Round "2"]
[White "Jadeit90"]
[Black "Aryangholami"]
[Result "0-1"]
[WhiteElo "2385"]
[BlackElo "2658"]
[TimeControl "180+2"]
[EndTime "13:22:04 PDT"]
[Termination "Aryangholami won by resignation"]

1. e4 c5 2. Nc3 Nc6 3. g3 g6 4. Bg2 Bg7 5. d3 h5 6. Be3 d6 7. h3 h4 8. g4 Rb8 9. Nge2 b5 10. Qd2 b4 11. Nd1 Nd4 12. Nc1 Ba6 13. c3 bxc3 14. bxc3 Nb5 15. O-O Qa5 16. Ne2 Na3 17.
f4 Nf6 18. Nf2 Nd7 19. d4 Nc4 20. Qc1 Nxe3 21. Qxe3 Rb2 22. Rfe1 Nb6 23. e5 O-O 24. Nd3 Nc4 25. Qf2 Rd2 26. Ndc1 cxd4 27. cxd4 dxe5 28. dxe5 Rb2 29. Qxh4 Ne3 30. Nb3 Qb6 31. Qf2 Bxe2 32. Rxe2 Rxe2 33. Qxe2 Nc2+ 34. Qf2 Nxa1 35. Qxb6 axb6 36.
Nxa1 g5 37. fxg5 Bxe5 38. Nb3 Rc8 39. Be4 Kg7 40. Kf2 Rc3 41. h4 Bg3+ 42. Ke2 Bxh4 0-1

[Event "*** Titled Tuesday Blitz"]
[Site "Chess.com"]
[Date "2019.05.07"]
[Round "2"]
[White "Chessialist"]
[Black "MITerryble"]
[Result "0-1"]
[WhiteElo "2561"]
[BlackElo "2818"]
[TimeControl "180+2"]
[EndTime "13:22:18 PDT"]
[Termination "MITerryble won by resignation"]

1. e4 e6 2. Qe2 c5 3. d3 Nc6 4.
Nf3 g6 5. g3 Bg7 6. Bg2 Nge7 7.
O-O O-O 8. Nbd2 d6 9. Re1 Rb8 10. a4 a6 11. h4 h6 12. Nf1 b5 13. axb5 axb5 14. N1h2 e5 15. c3 b4 16. Be3 Be6 17. h5 g5 18. Qf1 Qd7 19. Nd2 bxc3 20. bxc3 f5 21. exf5 Nxf5 22. Ng4 Nxg3 23. Bxc6 Qxc6 24. Qg2 Qxg2+ 25. Kxg2 Nxh5 26. f3 Rb2 27. Nf2 Bd5 28. c4 Bxf3+ 29. Nxf3 g4 30. Nd2 Nf4+ 31. Bxf4 exf4 32. Nde4 g3 33. Rab1 gxf2 34. Rf1 f3+ 35. Kh3 Rxb1 36. Rxb1 Bd4 37. Kg4 Kh7 38. Nxd6 Rg8+ 39.
Kxf3 Rg1 0-1

[Event "*** Titled Tuesday Blitz"]
[Site "Chess.com"]
[Date "2019.05.07"]
[Round "2"]
[White "mjray79"]
[Black "XiaoKangZhong"]
[Result "0-1"]
[WhiteElo "2119"]
[BlackElo "2240"]
[TimeControl "180+2"]
[EndTime "13:22:19 PDT"]
[Termination "XiaoKangZhong won by checkmate"]

1. d4 Nf6 2. c4 g6 3. Nc3 d5 4. cxd5 Nxd5 5. e4 Nxc3 6. bxc3 Bg7 7. Ba3 O-O 8. Nf3 b6 9. Bc4 c5 10. O-O Bb7 11. Qe2 Nc6 12. e5 cxd4 13. cxd4 Nxd4 14. Nxd4 Qxd4 15. Bxe7 Rfe8 16. e6 Rxe7 17. exf7+ Kf8 18. Be6 Qxa1 19. Rxa1 Bxa1 20. Qe3 Bc8 21. Qh6+ Bg7 22.
Qxh7 Rxe6 23. Qg8+ Ke7 24. h3 Bf8 25. g4 Bb7 26. h4 Rc8 27. Kh2 Rc2 28. Kg3 Rc3+ 29.
Kh2 Re2 30. Qxg6 Rxf2+ 31. Kg1 Rg2+ 32. Kf1 Rc1# 0-1

[Event "*** Titled Tuesday Blitz"]
[Site "Chess.com"]
[Date "2019.05.07"]
[Round "2"]
[White "Gergo85"]
[Black "hansen"]
[Result "1-0"]
[WhiteElo "2636"]
[BlackElo "2766"]
[TimeControl "180+2"]
[EndTime "13:22:20 PDT"]
[Termination "Gergo85 won on time"]

1. e4 e5 2. Nc3 Nf6 3. g3 d5 4. exd5 Nxd5 5. Bg2 Nxc3 6. bxc3 Nc6 7. Nf3 Bd6 8. O-O O-O 9. Qe2 Re8 10. Rb1 e4 11.
Nd4 Nxd4 12. cxd4 Qf6 13. Bxe4 Bf5 14. d3 Bxe4 15. dxe4 Qxd4 16. Rxb7 Rxe4 17. Be3 Qd5 18. Rfb1 h5 19. Rb8+ Re8 20. Rxa8 Rxa8 21. Qa6 Re8 22. Qxa7 1-0

[Event "*** Titled Tuesday Blitz"]
[Site "Chess.com"]
[Date "2019.05.07"]
[Round "2"]
[White "Vice64"]
[Black "Rap_woyska"]
[Result "1-0"]
[WhiteElo "2536"]
[BlackElo "2410"]
[TimeControl "180+2"]
[EndTime "13:22:23 PDT"]
[Termination "Vice64 won by resignation"]

1. e4 c5 2. Nf3 e6 3. d4 cxd4 4. Nxd4 Nc6 5. Nc3 Qc7 6. Be3 a6 7. Be2 Nf6 8. O-O Be7 9. f4 d6 10. Kh1 O-O 11. Qe1 Nxd4 12. Bxd4 b5 13. Qg3 Bb7 14.
a3 Rad8 15. Rae1 Bc6 16. Bf3 Qd7 17. Nd1 a5 18. Ne3 g6 19. c3 Qb7 20. Ng4 Nxg4 21. Qxg4 Rfe8 22. b4 axb4 23. axb4 Bf8 24. Bf6 Ra8 25. h4 Bg7 26. e5 Bxf3 27. Rxf3 h5 28. Qg5 Qd5 29. Rg3 Ra2 30. Kh2 Rea8 31. Bxg7 Kxg7 32.
Qf6+ Kg8 33. f5 exf5 34. e6 Rf8 35. exf7+ Qxf7 36. Rxg6+ 1-0

[Event "*** Titled Tuesday Blitz"]
[Site "Chess.com"]
[Date "2019.05.07"]
[Round "2"]
[White "Chebure"]
[Black "Matibar"]
[Result "0-1"]
[WhiteElo "2641"]
[BlackElo "2734"]
[TimeControl "180+2"]
[EndTime "13:22:27 PDT"]
[Termination "Matibar won by resignation"]

1. e4 c6 2. Nc3 d5 3. d4 dxe4 4. Nxe4 Bf5 5. Ng3 Bg6 6. Nf3 e6 7. h4 h6 8. h5 Bh7 9. Bd3 Bxd3 10. Qxd3 Nf6 11. Ne4 Nbd7 12. Bf4 Qa5+ 13. Bd2 Qd5 14. Nxf6+ Nxf6 15. c4 Qe4+ 16. Qxe4 Nxe4 17. Be3 Bd6 18. O-O-O f5 19. Nd2 Nf6 20. Nf3 Ng4 21. Rh4 Rd8 22. Kc2 Kf7 23. b3 Rd7 24. Rd3 Rhd8 25. a4 Bc7 26. Kc3 e5 27. Rd2 e4 28. Ng1 c5 29.
Ne2 Ba5+ 30. Kc2 Bxd2 0-1

[Event "*** Titled Tuesday Blitz"]
[Site "Chess.com"]
[Date "2019.05.07"]
[Round "2"]
[White "j_coca"]
[Black "WorldChampionBulletChess"]
[Result "1-0"]
[WhiteElo "2224"]
[BlackElo "2073"]
[TimeControl "180+2"]
[EndTime "13:22:32 PDT"]
[Termination "j_coca won by resignation"]

1. f4 d5 2. Nf3 c5 3. e3 Nc6 4.
d4 cxd4 5. exd4 Nf6 6. c3 Bf5 7. Bd3 Be4 8. O-O e6 9. Qe2 Bd6 10. Ne5 O-O 11. Nd2 Bxd3 12. Qxd3 Nd7 13. Rf3 f6 14.
Rh3 fxe5 15. Qxh7+ Kf7 16. fxe5 Bxe5 17. dxe5 Ndxe5 18.
Nf3 Qb6+ 19. Kh1 Rh8 20. Ng5+ Kf6 21. Qc2 Rxh3 22. Nxh3 Ke7 23. Bf4 Rf8 24. Re1 Ng4 25. Qg6 Nf6 26. Qxg7+ Rf7 27. Qg6 Nd8 28. Ng5 Qf2 29.
Bg3 Qd2 30. Nxf7 Nxf7 31. Bh4 1-0

[Event "*** Titled Tuesday Blitz"]
[Site "Chess.com"]
[Date "2019.05.07"]
[Round "2"]
[White "Sashadav97"]
[Black "BlueWizzard"]
[Result "0-1"]
[WhiteElo "2555"]
[BlackElo "2771"]
[TimeControl "180+2"]
[EndTime "13:22:33 PDT"]
[Termination "BlueWizzard won by resignation"]

1. d4 a6 2. e4 g6 3. c4 Bg7 4.
Nc3 Nc6 5. Be3 e5 6. d5 Nd4 7.
Nf3 c5 8. dxc6 dxc6 9. h3 Ne7 10. Be2 O-O 11. O-O Be6 12. a3 a5 13. c5 Bb3 14.
Qc1 f5 15. Nd2 Be6 16. Bc4 Qd7 17. Bxd4 exd4 18. Ne2 Kh8 19. Nf4 Bxc4 20. Qxc4 Bh6 21.
g3 Bxf4 22. gxf4 fxe4 23. Nxe4 Rxf4 24. Ng3 Qxh3 25. Rae1 Rh4 0-1

[Event "*** Titled Tuesday Blitz"]
[Site "Chess.com"]
[Date "2019.05.07"]
[Round "2"]
[White "NeverEverForever1990"]
[Black "Jbd735"]
[Result "1/2-1/2"]
[WhiteElo "2433"]
[BlackElo "2463"]
[TimeControl "180+2"]
[EndTime "13:22:36 PDT"]
[Termination "Game drawn by repetition"]

1. d4 d5 2. Nf3 Nf6 3. Bf4 c5 4. e3 Nc6 5. Nbd2 e6 6. c3 Bd6 7. Bg3 O-O 8. Bb5 cxd4 9. exd4 Bxg3 10. hxg3 Qb6 11. a4 a6 12. Bxc6 bxc6 13. Qc2 c5 14.
Ne5 cxd4 15. Ng4 Ne4 16. Nxe4 dxe4 17. Qxe4 f5 18. Qxa8 Bb7 19. Qxf8+ Kxf8 20. Ne5 Qxb2 21. O-O dxc3 22. Rab1 Be4 23. Rxb2 cxb2 24. Nd7+ Ke7 25.
Nc5 b1=Q 26. Rxb1 Bxb1 27. Nxa6 Kd6 28. f4 Kc6 29. Kf2 Kb6 30. Nb8 Kc7 31. Na6+ Kb6 32. Nb4 Kc5 33. Na6+ Kb6 34. Nb8 Kc7 35. Na6+ Kb6 36.
Nb4 Kc5 37. Na6+ Kb6 1/2-1/2

[Event "*** Titled Tuesday Blitz"]
[Site "Chess.com"]
[Date "2019.05.07"]
[Round "2"]
[White "SirStrateg"]
[Black "jcibarra"]
[Result "0-1"]
[WhiteElo "2529"]
[BlackElo "2712"]
[TimeControl "180+2"]
[EndTime "13:22:38 PDT"]
[Termination "jcibarra won by resignation"]

1. d4 Nf6 2. Nf3 g6 3. Bf4 d6 4. e3 Bg7 5. h3 O-O 6. Be2 c5 7.
c3 Be6 8. Nbd2 Qb6 9. Qc1 Nc6 10.
O-O Rac8 11. a3 cxd4 12. exd4 Nd5 13. Bg3 Nxd4 14. Nxd4 Bxd4 15. Nc4 Nxc3 16. bxc3 Bxc4 17. Rb1 Qa5 18. Rd1 Bxc3 19. Bxc4 Rxc4 20. Rxb7 Qa6 21. Qb1 Bf6 22. Rb3 Rfc8 23. Rf3 Kg7 24. Kh2 Rc3 25. Rdd3 Rc1 26. Qb4 Qc4 27. Qb7 Rc7 28. Qa8 Rf1 29. Bf4 e6 30. Bxd6 Rc8 31. Qxa7 Qc1 32. Rxf6 Rh1+ 33.
Kg3 Qg5+ 34. Kf3 Qxf6+ 35. Kg3 Qg5+ 36. Kf3 Qf5+ 37. Kg3 Qxd3+ 0-1

[Event "*** Titled Tuesday Blitz"]
[Site "Chess.com"]
[Date "2019.05.07"]
[Round "2"]
[White "northridgehawk"]
[Black "Komissarov_alex"]
[Result "1-0"]
[WhiteElo "2249"]
[BlackElo "2120"]
[TimeControl "180+2"]
[EndTime "13:22:42 PDT"]
[Termination "northridgehawk won on time"]

1. e4 e5 2. Nf3 Nc6 3. Bb5 Nd4 4. Nxd4 exd4 5. Bc4 Nf6 6. d3 d5 7. exd5 Nxd5 8.
O-O Be7 9. Nd2 O-O 10. Nf3 Nb6 11. Bb3 a5 12. a3 a4 13. Ba2 Bd6 14. h3 c5 15. Ng5 Bf5 16. Qf3 Bg6 17. Qxb7 c4 18. Ne4 Bxe4 19. Qxe4 Re8 20. Qf3 Qc7 21. dxc4 Nxc4 22.
Qd5 Ne5 23. Qxd4 Red8 24. Qe4 Re8 25. Bd5 Rad8 26. Qxa4 Bc5 27. c4 h6 28. Bd2 Rxd5 29. cxd5 Nf3+ 30. gxf3 1-0

[Event "*** Titled Tuesday Blitz"]
[Site "Chess.com"]
[Date "2019.05.07"]
[Round "2"]
[White "ChessQueen"]
[Black "FrenchMonster2002"]
[Result "1-0"]
[WhiteElo "2648"]
[BlackElo "2386"]
[TimeControl "180+2"]
[EndTime "13:22:43 PDT"]
[Termination "ChessQueen won by resignation"]

1. e4 c5 2. c3 Nf6 3. e5 Nd5 4.
d4 cxd4 5. Nf3 e6 6. cxd4 d6 7. Bd3 Be7 8. O-O b6 9. Nc3 Nxc3 10. bxc3 Bb7 11. Qe2 Nd7 12. exd6 Bxd6 13. c4 Qc7 14. h3 O-O-O 15. Bb2 Kb8 16. a4 g5 17. a5 h5 18.
axb6 axb6 19. c5 Bf4 20. Be4 g4 21. c6 Bxc6 22. Bxc6 Qxc6 23. d5 gxf3 24. Qxf3 Qxd5 25. Qxf4+ e5 26. Qa4 Qb7 27. Qb5 Rhg8 28. Bxe5+ Nxe5 29. Qxe5+ Kc8 30. Rac1+ Kd7 31. Rfd1+ 1-0

[Event "*** Titled Tuesday Blitz"]
[Site "Chess.com"]
[Date "2019.05.07"]
[Round "2"]
[White "DenishevM"]
[Black "Al_Shima"]
[Result "0-1"]
[WhiteElo "2598"]
[BlackElo "2411"]
[TimeControl "180+2"]
[EndTime "13:22:44 PDT"]
[Termination "Al_Shima won by resignation"]

1. d4 Nf6 2. c4 Nc6 3. Nc3 e5 4. d5 Ne7 5. Nf3 Ng6 6. h4 h5 7.
Bg5 Be7 8. e3 d6 9. Qc2 Ng4 10.
Bxe7 Nxe7 11. Bd3 f5 12. Ng5 e4 13. Be2 Ng6 14. Nb5 a6 15. Nd4 Nxh4 16. Nde6 Nxg2+ 17. Kd2 Bxe6 18. Nxe6 Qe7 19. Rag1 Nh4 20. Qb3 b6 21. Qa4+ Kf7 22. Qc6 Rac8 23. Qa4 a5 24.
Qb3 Ng6 25. Qc3 N6e5 26. b3 g6 27. a3 Nxf2 28. Rh2 Nfg4 29. Rhg2 Qf6 30. Ke1 Nf3+ 0-1